 Dungeon Crawl Stone Soup version 0.21-b1-21-g86478ac (webtiles) character file.

975 myopia the Carver (level 7, -6/57 HPs)
             Began as a Minotaur Berserker on Jan 4, 2018.
             Was an Elder of Trog.
             Shot with an arrow by a centaur (11 damage)
             ... on level 5 of the Dungeon.
             The game lasted 00:12:42 (3977 turns).

myopia the Carver (Minotaur Berserker)              Turns: 3977, Time: 00:12:43

Health: -6/57      AC:  5    Str: 22    XL:     7   Next: 95%
Magic:  6/6        EV: 12    Int:  4    God:    Trog [****..]
Gold:   246        SH:  0    Dex: 11    Spells: 6/6 levels left

rFire    . . .     SeeInvis .   a - +0 falchion
rCold    . . .     Gourm    .   (no shield)
rNeg     . . .     Faith    .   b - +0 animal skin
rPois    .         Spirit   .   (helmet restricted)
rElec    .         Reflect  .   s - scarf {cloud immunity}
rCorr    .         Harm     .   (no gloves)
MR       .....                  (no boots)
Stlth    +.........             (no amulet)
HPRegen  0.19/turn              (no ring)
MPRegen  0.10/turn              i - +3 ring of protection

@: no status effects
A: retaliatory headbutt, horns 2
a: Berserk, Trog's Hand, Brothers in Arms, Burn Spellbooks, Renounce Religion


You were on level 5 of the Dungeon.
You worshipped Trog.
Trog was greatly pleased with you.
You were not hungry.

You visited 1 branch of the dungeon, and saw 5 of its levels.

You collected 246 gold pieces.

Inventory:

Hand Weapons
 a - a +0 falchion (weapon)
Missiles
 k - 4 tomahawks (quivered)
Armour
 b - a +0 animal skin (worn)
 s - a scarf of cloud immunity (worn)
Jewellery
 d - an uncursed ring of flight
 i - a +3 ring of protection (right hand)
Wands
 t - a wand of paralysis (11)
Scrolls
 f - a scroll of amnesia
 g - a scroll of identify
 h - 2 scrolls of fear
 l - a scroll of magic mapping
 q - 2 scrolls of teleportation
Potions
 e - a potion of agility {unknown}
 j - 2 potions of heal wounds
 n - a potion of curing {unknown}
 r - 2 potions of degeneration {unknown}
Books
 o - a book of Misfortune

   Spells                             Type                      Level
   a - Confusing Touch                Hexes                        1
   b - Confuse                        Hexes                        3
   c - Gell's Gravitas                Translocation                3
   d - Petrify                        Transmutation/Earth          4
   e - Metabolic Englaciation         Hexes/Ice                    5
   f - Yara's Violent Unravelling     Hexes/Transmutation          5
   Trog disapproves of the use of such an item.
Comestibles
 c - 11 rations


   Skills:
 - Level 3.6 Fighting
 + Level 11.3 Long Blades
 - Level 2.4 Armour
 - Level 2.1 Dodging


You had 6 spell levels left.
You didn't know any spells.

Dungeon Overview and Level Annotations

Branches:
Dungeon (5/15)             Temple (0/1) D:5

Altars:
Xom

Annotations:
D:5 exclusion: oklob sapling


Innate Abilities, Weirdness & Mutations

You reflexively headbutt those who attack you in melee.
You have a pair of horns on your head.


Message History

The bullfrog skeleton hits you but does no damage.
You slash the bullfrog skeleton!
You destroy the bullfrog skeleton!
Trog accepts your kill.
You see here 2 inedible chunks of flesh.
A centaur comes into view. It is wielding a dagger.
The centaur shouts!
The centaur unwields an uncursed dagger.
The centaur wields a shortbow.
The centaur shoots an arrow.
The arrow closely misses you.
The centaur shoots an arrow.
The arrow hits you.
The centaur shoots an arrow.
The arrow hits you!
The centaur shoots an arrow.
The arrow barely misses you.
The centaur shoots an arrow.
The arrow hits you.
The centaur shoots an arrow.
The arrow hits you!
* * * LOW HITPOINT WARNING * * *
The centaur shoots an arrow.
The arrow hits you.
* * * LOW HITPOINT WARNING * * *
The centaur shoots an arrow.
The arrow hits you!
You die...

##............
#....#........
#.....###.....
#......# ###
##.....## ######
#....c.##
#....## #
#...#.%.##
#.....### #
#...###..##
#.......# #
#...# ##@(##
#.......###
#...# ##[.##
##.......##
#...## ##..##
#........#
#....##
#...###........#
##....#
##.(..#........#
#....#
##............#
#....#
##............
#....#
#............
#....#
##...........


You could see a centaur.

Vanquished Creatures
  2 ogres
  A scorpion (D:5)
  2 bullfrog zombies
  3 orc priests (D:4)
  3 hounds (D:5)
  2 orc wizards (D:4)
  2 bullfrog skeletons (D:5)
  Ijyb (D:4)
  Natasha (D:4)
  2 worker ants
  Robin (D:2)
  4 gnolls (D:3)
  11 adders
  A shadow imp (D:5)
  An ooze (D:3)
  2 adder skeletons
  2 worms
  3 dart slugs
  A leopard gecko (D:3)
  17 orcs
  A ball python (D:2)
  4 bats
  5 giant cockroaches
  13 hobgoblins
  7 jackals (D:4)
  5 quokkas
  9 frilled lizards
  17 goblins
  9 kobolds
  A leopard gecko zombie (D:5)
  A quokka skeleton (D:4)
  2 rats
136 creatures vanquished.

Notes
Turn   | Place    | Note
-------+----------+-------------------------------------------
     0 | D:1      | myopia the Minotaur Berserker began the quest for the Orb.
     0 | D:1      | Reached XP level 1. HP: 19/19 MP: 0/0
    66 | D:1      | Reached skill level 4 in Long Blades
   136 | D:1      | Reached XP level 2. HP: 26/26 MP: 1/1
   610 | D:2      | Reached skill level 5 in Long Blades
   615 | D:2      | Reached ** piety under Trog
   615 | D:2      | Reached XP level 3. HP: 24/31 MP: 2/2
   711 | D:2      | Noticed Robin
   725 | D:2      | Killed Robin
   850 | D:2      | Reached skill level 6 in Long Blades
   850 | D:2      | Reached XP level 4. HP: 34/39 MP: 3/3
  1388 | D:3      | Reached skill level 7 in Long Blades
  1388 | D:3      | Reached XP level 5. HP: 45/45 MP: 4/4
  1939 | D:3      | Reached *** piety under Trog
  2226 | D:4      | Reached skill level 8 in Long Blades
  2293 | D:4      | Reached XP level 6. HP: 41/51 MP: 5/5
  2623 | D:4      | Found a shimmering altar of Xom.
  2662 | D:4      | Reached skill level 9 in Long Blades
  2747 | D:4      | Noticed Ijyb
  2759 | D:4      | Killed Ijyb
  2998 | D:4      | Reached XP level 7. HP: 57/57 MP: 6/6
  3182 | D:4      | Noticed Natasha
  3184 | D:4      | Killed Natasha
  3207 | D:4      | Reached skill level 10 in Long Blades
  3333 | D:5      | Entered Level 5 of the Dungeon
  3578 | D:5      | Found a staircase to the Ecumenical Temple.
  3587 | D:5      | Reached **** piety under Trog
  3605 | D:5      | Reached skill level 11 in Long Blades
  3977 | D:5      | Shot with an arrow by a centaur

Skill      XL: |  1  2  3  4  5  6  7 |
---------------+----------------------+-----
Long Blades    | 4 5 6 7 8 9 11 | 11.3
Fighting       | |  3.6
Armour         | |  2.4
Dodging        | |  2.1

Action                   |  1- 3 |  4- 6 |  7- 9 || total
-------------------------+-------+-------+-------++-------
Melee: Falchion          |    69 |   177 |    67 ||   313
       Headbutt          |    13 |    38 |    15 ||    66
Invok: Berserk           |     1 |     4 |     1 ||     6
       Trog's Hand       |     1 |     1 |       ||     2
  Use: Scroll            |       |     7 |     1 ||     8
  Eat: Chunk             |     1 |    11 |     4 ||    16
Armor: Animal skin       |    15 |    44 |    13 ||    72
Dodge: Dodged            |    51 |   101 |    48 ||   200
       Rpst.: Falchion   |    10 |    31 |    16 ||    57
